 Dungeon Crawl Stone Soup version 0.23-a0-644-gb60d84b (webtiles) character file.

142 Amnesiac the Ducker (level 5, -8/28 HPs)
             Began as a Spriggan Berserker on Jan 1, 2019.
             Was a Believer of Trog.
             Killed from afar by Natasha (9 damage)
             ... with a magic dart
             ... on level 3 of the Dungeon.
             The game lasted 00:02:46 (2128 turns).

Amnesiac the Ducker (Spriggan Berserker)            Turns: 2128, Time: 00:02:47

Health: -8/28      AC:  2    Str: 14    XL:     5   Next: 3%
Magic:  6/6        EV: 21    Int:  9    God:    Trog [**....]
Gold:   96         SH:  0    Dex: 15    Spells: 4/4 levels left

rFire    . . .     SeeInvis +   b - +1 hunting sling (freeze)
rCold    . . .     Gourm    .   (shield restricted)
rNeg     . . .     Faith    .   q - +0 animal skin
rPois    .         Spirit   .   (helmet restricted)
rElec    .         Reflect  .   (no cloak)
rCorr    .         Harm     .   (gloves unavailable)
MR       .....                  (boots unavailable)
Stlth    +.........             (no amulet)
HPRegen  0.09/turn              (no ring)
MPRegen  0.10/turn              (no ring)

@: very quick
A: very small, unfitting armour, see invisible, herbivore, speed 3, slow
metabolism 2
a: Berserk, Trog's Hand, Renounce Religion


You were on level 3 of the Dungeon.
You worshipped Trog.
Trog was pleased with you.
You were not hungry.

You visited 1 branch of the dungeon, and saw 3 of its levels.

You collected 96 gold pieces.

Inventory:

Hand Weapons
 a - a +0 falchion
 b - a +1 hunting sling of freezing (weapon)
Missiles
 r - 53 stones (quivered)
 s - 22 sling bullets
Armour
 q - a +0 animal skin (worn)
Scrolls
 e - 2 scrolls of fog {!r, unknown}
 f - a scroll of blinking {!r, unknown}
 k - a scroll of teleportation {!r, unknown}
 l - a scroll of amnesia {!r, unknown}
 m - a scroll of fear {!r, unknown}
 n - 3 scrolls of identify {!r, unknown}
 p - 3 scrolls of remove curse {!r, unknown}
Potions
 d - a potion of curing {!q, unknown}
 g - a potion of berserk rage {!q, unknown}
 h - 2 potions of degeneration {!q, unknown}
 i - 2 potions of agility {!q, unknown}
 j - 2 potions of heal wounds {!q, unknown}
 o - a potion of lignification {!q, unknown}
Comestibles
 c - 5 rations


   Skills:
 - Level 3.0 Fighting
 * Level 3.9 Long Blades
 + Level 5.7 Dodging


You had 4 spell levels left.
You didn't know any spells.
Your spell library was empty.

Dungeon Overview and Level Annotations

Branches:
Dungeon (3/15)

Altars:

Annotations:
D:3 Natasha


Innate Abilities, Weirdness & Mutations

You are very small and have problems with some larger weapons.
You are too small for most types of armour.
You have supernaturally acute eyesight. (SInv)
You are a herbivore.
You cover ground extremely quickly.
You need to consume almost no food.


Message History

No target in view!
No target in view!
No target in view!
No target in view!
No target in view!
Natasha, Servant of Life and Death comes into view.
An orc comes into view. It is wielding a +0 hand axe.
Natasha casts a spell at you. The magic dart hits you!
Firing (i - inventory. (/) - cycle)
r - 61 stones (quivered)
Press: ? - help, Shift-Dir - straight line, f - Natasha
Aim: Natasha You shoot a stone.
The stone closely misses Natasha.
Firing (i - inventory. (/) - cycle)
r - 60 stones (quivered)
Press: ? - help, Shift-Dir - straight line, f/p - Natasha
Aim: Natasha You shoot a stone.
The stone hits Natasha.
The stone freezes Natasha.
Natasha is lightly wounded.
Firing (i - inventory. (/) - cycle)
r - 59 stones (quivered)
Press: ? - help, Shift-Dir - straight line, f/p - Natasha
Aim: Natasha (lightly wounded)
You shoot a stone. The stone barely misses Natasha.
Firing (i - inventory. (/) - cycle)
r - 58 stones (quivered)
Press: ? - help, Shift-Dir - straight line, f/p - Natasha
Aim: Natasha (lightly wounded)
You shoot a stone. The stone hits Natasha.
The stone freezes Natasha.
Natasha is heavily wounded.
Natasha closely misses you. Natasha claws you!
* * * LOW HITPOINT WARNING * * *
Firing (i - inventory. (/) - cycle)
r - 57 stones (quivered)
Press: ? - help, Shift-Dir - straight line, f/p - Natasha
Aim: Natasha (heavily wounded)
You shoot a stone. The stone barely misses Natasha.
The stone hits the orc but does no damage.
Natasha barely misses you.
Firing (i - inventory. (/) - cycle)
r - 56 stones (quivered)
Press: ? - help, Shift-Dir - straight line, f/p - Natasha
Aim: Natasha (heavily wounded)
You shoot a stone.
The stone hits Natasha but does no damage.
Natasha is heavily wounded.
Natasha misses you.
Firing (i - inventory. (/) - cycle)
r - 55 stones (quivered)
Press: ? - help, Shift-Dir - straight line, f/p - Natasha
Aim: Natasha (heavily wounded)
You shoot a stone.
The stone hits Natasha but does no damage.
Natasha is heavily wounded.
Natasha closely misses you.
Firing (i - inventory. (/) - cycle)
r - 54 stones (quivered)
Press: ? - help, Shift-Dir - straight line, f/p - Natasha
Aim: Natasha (heavily wounded)
You shoot a stone. The stone closely misses Natasha.
The stone closely misses the orc.
Natasha claws you!
* * * LOW HITPOINT WARNING * * *
You are too injured to fight recklessly!
You are too injured to fight recklessly!
You are too injured to fight recklessly!
You are too injured to fight recklessly!
You are too injured to fight recklessly!
You are too injured to fight recklessly!
Natasha stares at you and mumbles some strange words.
The magic dart hits you!
You die...

###..###.###.........
#..# #.# #.#######.
#<.###.###<#
#..##...##.#
#..#.###.#.#####
#†...# #>.......
.......#.###.#####
#########........# #
# ##.#####@##.#...#
#.# #..ho((# #.#
#..###...# #.# #..# .
#.# #..# #.# #... #.#
#.## ... #.


You could see Natasha and an orc.

Vanquished Creatures
  A crimson imp (D:2)
  An orc priest (D:2)
  3 adders (D:2)
  A worm (D:2)
  2 dart slugs (D:1)
  3 orcs
  8 bats
  2 giant cockroaches
  6 goblins
  5 hobgoblins
  A quokka (D:2)
  3 frilled lizards
  5 kobolds
  4 rats
45 creatures vanquished.

Notes
Turn   | Place    | Note
-------+----------+-------------------------------------------
     0 | D:1      | Amnesiac the Spriggan Berserker began the quest for the
                  | Orb.
     0 | D:1      | Reached XP level 1. HP: 11/11 MP: 2/2
   410 | D:1      | Reached XP level 2. HP: 13/16 MP: 3/3
  1058 | D:2      | Noticed a crimson imp
  1065 | D:2      | Killed a crimson imp
  1065 | D:2      | Reached skill level 5 in Dodging
  1065 | D:2      | Reached XP level 3. HP: 14/19 MP: 4/4
  1123 | D:2      | Reached XP level 4. HP: 15/23 MP: 5/5
  1656 | D:2      | Reached ** piety under Trog
  1768 | D:2      | Found a faded altar of an unknown god.
  1788 | D:2      | Reached XP level 5. HP: 9/28 MP: 6/6
  2119 | D:3      | Noticed Natasha
  2127 | D:3      | HP: 1/28 [Natasha (8)]
  2128 | D:3      | Killed from afar by Natasha

Vault maps used:
D:1:      eino_arrival_water_star, minivault_14
D:2:      chequers_ecumenical_altar_simple, first_ration
D:3:      minmay_evil_eye, uniq_natasha

Skill      XL: |  1  2  3  4 |
---------------+-------------+-----
Long Blades    | 3 |  3.9
Dodging        | 5 |  5.7
Fighting       | 3 |  3.0

Action                   |  1- 3 |  4- 6 || total
-------------------------+-------+-------++-------
Melee: Falchion          |    62 |    77 ||   139
 Fire: Hunting sling     |       |    11 ||    11
Invok: Berserk           |       |     1 ||     1
 Stab: Sleeping          |     1 |       ||     1
Armor: Animal skin       |     7 |     8 ||    15
Dodge: Dodged            |    70 |    91 ||   161
       Rpst.: Falchion   |    25 |    26 ||    51

Table legend:
 A = Non-vault XP
 B = Vault XP
 C = Vault XP percentage of total XP
 D = Non-vault monster count
 E = Vault monster count
 F = Vault count percentage of total count
                 A         B        C        D         E       F
            +---------+---------+-------+---------+---------+-------
      Total |     203 |       0 |   0.0 |      45 |       0 |   0.0
            +---------+---------+-------+---------+---------+-------
        D:1 |      34 |       0 |   0.0 |      19 |       0 |   0.0
        D:2 |     163 |       0 |   0.0 |      23 |       0 |   0.0
        D:3 |       6 |       0 |   0.0 |       3 |       0 |   0.0
            +---------+---------+-------+---------+---------+-------
